 Dungeon Crawl Stone Soup version 0.21.1-1-g345015fe64 (webtiles) character file.

229754 Peloso the Hoplite (level 18, -7/169 HPs)
             Began as a Minotaur Fighter on Apr 9, 2018.
             Was the Champion of Okawaru.
             Collided with a rock wall (11 damage)
             ... caused by a naga ritualist
             ... on level 4 of the Snake Pit on Apr 10, 2018.
             The game lasted 02:06:21 (37802 turns).

Peloso the Hoplite (Minotaur Fighter)              Turns: 37802, Time: 02:06:21

Health: -7/169     AC: 14    Str: 33    XL:     18   Next: 74%
Magic:  18/18      EV: 14    Int:  5    God:    Okawaru [******]
Gold:   3667       SH: 34    Dex: 15    Spells: 17/17 levels left

rFire    + + .     SeeInvis +   N - +6 double sword (flame)
rCold    + . .     Gourm    .   G - +7 large shield "Toqascho" {rF+ Stlth+}
rNeg     . . .     Faith    .   Y - +0 swamp dragon scales
rPois    .         Spirit   .   J - +0 hat {MR+}
rElec    +         Reflect  .   t - scarf {rC+ rF+}
rCorr    .         Harm     .   j - +0 pair of gloves {Dex+3}
MR       ++...                  D - +0 pair of boots {Stlth+}
Stlth    +++++.....             R - amulet of Xifue {rElec Regen+ Str+6}
HPRegen  0.78/turn              w - ring "Munt" {rPois SInv}
MPRegen  0.16/turn              E - ring of stealth

@: lethally poisoned (-7 -> -65), about to teleport, poison vulnerable,
constricted
A: retaliatory headbutt, horns 2
}: 1/15 runes: decaying
a: Heroism, Finesse, Renounce Religion


You were on level 4 of the Snake Pit.
You worshipped Okawaru.
Okawaru was exalted by your worship.
You were hungry.

You visited 6 branches of the dungeon, and saw 32 of its levels.
You also visited: Sewer, Ossuary, Ice Cave and Volcano.

You collected 4885 gold pieces.
You spent 1218 gold pieces at shops.

Inventory:

Hand Weapons
 N - a +6 double sword of flaming (weapon)
 U - the +10 falchion of Okawaru's Esteem {slice, rN+}
   (Okawaru gifted it to you on level 5 of the Lair of Beasts)

   It inflicts extra damage upon your enemies.
   It protects you from negative energy.
Armour
 e - a +0 pair of gloves
 j - a +0 pair of gloves of dexterity (worn)
 k - the +5 chain mail "Ubaurubry" {rC+}
   (You found it on level 4 of the Snake Pit)

   It protects you from cold.
 t - a scarf of resistance (worn)
 D - a +0 pair of boots of stealth (worn)
 G - the +7 large shield "Toqascho" (worn) {rF+ Stlth+}
   (Okawaru gifted it to you on level 15 of the Dungeon)

   It protects you from fire.
   It makes you more stealthy.
 J - a +0 hat of magic resistance (worn)
 P - the +0 pair of gloves of the Jabberwock {Regen+ Str-5 Slay+2}
   (Okawaru gifted it to you on level 3 of the Snake Pit)

   It affects your strength (-5).
   It affects your accuracy and damage with ranged weapons and melee attacks
   (+2).
   It increases your rate of regeneration.
 X - a +1 plate armour of fire resistance
 Y - +0 swamp dragon scales (worn)
Jewellery
 l - an uncursed ring of flight
 w - the ring "Munt" (left hand) {rPois SInv}
   (You found it on level 2 of the Snake Pit)

   [ring of poison resistance]

   It protects you from poison.
   It lets you see invisible.
 z - an uncursed ring of protection from magic
 A - the ring of Juisinizo {rF+ rC- Str+5}
   (You found it on level 2 of the Snake Pit)

   [ring of protection from fire]

   It affects your strength (+5).
   It protects you from fire.
   It makes you vulnerable to cold.
 E - a ring of stealth (right hand)
 I - the amulet "Cym Xano" {Spirit rElec rN+++ Dex-3}
   (You found it on level 2 of the Snake Pit)

   [amulet of guardian spirit]

   It causes incoming damage to be split between your health and magic.
   It affects your dexterity (-3).
   It insulates you from electricity.
   It renders you almost immune to negative energy.
 L - a +4 ring of evasion
 Q - a +2 amulet of reflection
 R - the amulet of Xifue (around neck) {rElec Regen+ Str+6}
   (You found it on level 12 of the Dungeon)

   [amulet of regeneration]

   It affects your strength (+6).
   It insulates you from electricity.
   It increases your rate of regeneration.
Wands
 m - a wand of digging (6)
 x - a wand of acid (27)
 F - a wand of paralysis (11)
 K - a wand of iceblast (11)
 S - a wand of enslavement (15)
Scrolls
 g - 12 scrolls of identify
 o - a scroll of brand weapon
 u - 11 scrolls of teleportation
 v - 6 scrolls of fog
 y - 13 scrolls of remove curse
 B - 4 scrolls of fear
 C - 2 scrolls of blinking
 M - 4 scrolls of magic mapping
 O - a scroll of amnesia
 V - a scroll of summoning
Potions
 b - 4 potions of agility
 h - 9 potions of haste
 i - a potion of heal wounds
 n - 8 potions of curing
 p - 15 potions of flight
 q - a potion of resistance
 r - a potion of magic
 s - 6 potions of might
 H - 4 potions of berserk rage
Books
 a - a book of Annihilations

   Spells                             Type                      Level
   a - Poison Arrow                   Conjuration/Poison           6
   b - Chain Lightning                Conjuration/Air              8
   c - Lehudib's Crystal Spear        Conjuration/Earth            8
   d - Glaciate                       Conjuration/Ice              9
   e - Fire Storm                     Conjuration/Fire             9
 c - a Necronomicon

   Spells                             Type                      Level
   a - Haunt                          Necromancy/Summoning         7
   b - Borgnjor's Revivification      Necromancy                   8
   c - Death's Door                   Charms/Necromancy            8
   d - Infestation                    Necromancy                   8
   e - Necromutation                  Transmutation/Necromancy     8
Miscellaneous
 d - a fan of gales
Comestibles
 f - 58 rations
 T - 3 chunks of flesh


   Skills:
 + Level 17.0 Fighting
 + Level 19.3 Long Blades
 + Level 13.6 Armour
 + Level 9.3 Dodging
 + Level 4.2 Stealth
 + Level 23.6 Shields
 + Level 1.9 Invocations
 + Level 2.2 Evocations


You had 17 spell levels left.
You didn't know any spells.

Dungeon Overview and Level Annotations

Branches:
Dungeon (15/15)            Temple (1/1) D:5            Lair (6/6) D:8
  Swamp (4/4) Lair:2        Snake (4/4) Lair:2        Slime (0/5) Lair:5
    Orc (2/2) D:10            Elf (0/3) Orc:2        Vaults (0/5) D:13
 Depths (0/5) D:15

Altars:
Ashenzari
Cheibriados
Dithmenos
Elyvilon
Fedhas
Gozag
Hepliaklqana
Kikubaaqudgha
Makhleb
Nemelex Xobeh
Okawaru
Qazlal
Ru
Sif Muna
Trog
Uskayaw
Vehumet
Wu Jian
Xom
Yredelemnul
Zin
The Shining One
Jiyva

Shops:
D:11 }   Orc:2 =(!?:   Snake:1 %:[


Innate Abilities, Weirdness & Mutations

You reflexively headbutt those who attack you in melee.
You have a pair of horns on your head.


Message History

You hear a shout!
* * * LOW HITPOINT WARNING * * *
You are more poisoned.
The naga ritualist's toxic aura wanes.
The nagaraja casts a spell at you. The bolt of poison hits you!
You are lethally poisoned!
* * * LOW HITPOINT WARNING * * *
The bolt of poison hits the naga warrior.
* * * LOW HITPOINT WARNING * * *
The nagaraja constricts you.
The guardian serpent casts a spell at you.
The bolt of poison hits the naga ritualist.
The bolt of poison misses you. You block the anaconda's attack.
The naga ritualist gestures at you while chanting.
The lance of force hits you!
* * * LOW HITPOINT WARNING * * *
You are knocked back by the lance of force.
You slam into the rock wall!
You die...

####..####..# #......
............## ..... ##÷#....
####...).....# ⌠.... #..#....
#.......#### ......##.###...
#.......# ....###..# ####
#......## ####...##...####
####.....# ##.S.N...#..)...####
#........#####.NNNN..##......##..
#...#.†....##.(N@S####..........#
#..........#...N###....###......#
.....#.....#....(#########......#
...........##......).)..###)....#
##.#.##....####..(..).....###...#
#....#.##)..##########.[..#....#
###..(..)[.#.###...).[))...#.....
.......###...##....(.)....##...##
.......####..##...)"########...#


You could see a naga warrior, 2 nagarajas, a naga sharpshooter, an anaconda, 2
naga ritualists, a guardian serpent and a naga.

Vanquished Creatures
  Bai Suzhen (Snake:3)
  Jorgrun (Swamp:3)
  Rupert (Lair:4)
  Frances (D:13)
  Gastronok (D:9)
  2 thorn hunters (Swamp:1)
  10 nagarajas
  Aizul (Snake:2)
  A very ugly thing (Swamp:3)
  2 green draconians (Swamp:4)
  A fire dragon (D:12)
  Josephine (Orc:2)
  A yaktaur captain (D:15)
  A vault guard (D:13)
  3 catoblepae (Lair:6)
  17 anacondas
  3 ice dragons
  32 hydras
  11 naga warriors
  3 centaur warriors
  3 ghost crabs
  4 two-headed ogres
  4 alligators
  Urug (Lair:4)
  4 orc high priests (Orc:2)
  3 death yaks (Lair:6)
  7 shock serpents
  Nergalle (D:11)
  15 naga sharpshooters
  Sonja (Lair:4)
  A fire crab (Volcano)
  6 salamander mystics
  10 skeletal warriors
  12 swamp dragons
  4 spriggan druids
  3 shambling mangroves
  An obsidian statue (Volcano)
  An unseen horror (D:13)
  7 naga ritualists
  2 lindwurms
  2 orc sorcerers
  3 deep elf magi
  6 manticores
  10 mana vipers
  12 ugly things
  10 slime creatures
  11 salamanders
  7 cyclopes
  2 ice statues (IceCv)
  7 elephants
  Maurice (D:9)
  24 naga magi
  Joseph (D:9)
  3 centaur zombies
  2 gargoyles (D:12)
  11 guardian serpents
  Psyche (D:9)
  43 black mambas
  3 freezing wraiths
  4 komodo dragons
  21 spiny frogs
  A yaktaur (D:15)
  6 rime drakes
  3 kobold demonologists
  An efreet (D:12)
  3 meliai (D:15)
  A troll (shapeshifter) (D:12)
  5 trolls
  A polar bear (Lair:2)
  7 tyrant leeches
  10 hornets
  11 blink frogs
  13 hippogriffs
  2 dream sheep (Lair:6)
  6 bog bodies
  A centaur simulacrum (D:15)
  A redback (D:12)
  7 shadows
  A vampire (D:13)
  6 wraiths
  50 yaks
  7 spriggans
  3 wyverns
  A basilisk (Lair:4)
  A steam dragon (D:14)
  16 vampire mosquitoes
  12 fire bats (Volcano)
  3 hungry ghosts
  A warg (Orc:2)
  43 nagas
  8 insubstantial wisps
  25 swamp worms
  A soldier ant (D:14)
  An acid dragon (D:14)
  20 water moccasins
  A hell hound (Volcano)
  6 porcupines
  13 swamp drakes
  28 orc warriors
  3 eyes of draining
  28 ice beasts
  2 black bears (D:8)
  9 ogres
  9 sky beasts
  A necrophage (D:13)
  4 wolves
  3 phantoms
  4 centaurs
  A tengu (shapeshifter) (D:12)
  10 crocodiles
  4 big kobolds
  13 bullfrogs
  2 elf zombies (Ossuary)
  3 scorpions
  11 killer bees
  6 wights
  An electric eel (Lair:2)
  3 howler monkeys
  10 crimson imps
  A quasit (D:6)
  7 lava snakes (Volcano)
  7 hounds
  A human zombie (Ossuary)
  34 orc priests
  3 jellies
  3 bullfrog skeletons
  4 centaur skeletons
  A gnoll shaman (D:3)
  Jessica (D:2)
  4 iguanas
  36 orc wizards
  16 worker ants
  A big kobold zombie (Ossuary)
  A hound zombie (D:5)
  5 mummies
  A worker ant zombie (D:11)
  5 gnolls (D:3)
  19 adders
  A shadow imp (D:7)
  6 oozes
  2 adder skeletons
  An adder zombie (D:8)
  9 worms
  A dart slug (D:2)
  8 leopard geckos
  86 orcs
  9 giant cockroaches
  6 goblins
  6 hobgoblins
  16 jackals
  5 quokkas
  5 ball pythons
  12 bats
  4 frilled lizards
  A gnoll zombie (Ossuary)
  A goblin zombie (D:5)
  5 hobgoblin zombies (Ossuary)
  A jackal skeleton (D:5)
  A jackal zombie (Ossuary)
  32 kobolds
  A leopard gecko zombie (D:8)
  An orc zombie (D:5)
  14 rats
  A rat zombie (Ossuary)
  4 briar patches (Swamp:1)
  5 fungi
  3 plants (Lair:1)
1218 creatures vanquished.

Vanquished Creatures (others)
  A spiny frog (Swamp:3)
  2 insubstantial wisps (Swamp:4)
  A centaur (D:11)
  An orc wizard (D:9)
  An orc priest (D:12)
  An orc (D:11)
  A kobold (D:11)
  A fungus (D:8)
  2 plants
11 creatures vanquished.

Grand Total: 1229 creatures vanquished

Notes
Turn   | Place    | Note
-------+----------+-------------------------------------------
     0 | D:1      | Peloso the Minotaur Fighter began the quest for the Orb.
     0 | D:1      | Reached XP level 1. HP: 19/19 MP: 0/0
    31 | D:1      | Reached skill level 4 in Shields
    92 | D:1      | Reached XP level 2. HP: 25/27 MP: 1/1
   336 | D:1      | You fall through a shaft!
   430 | D:2      | Reached XP level 3. HP: 33/33 MP: 2/2
   877 | D:2      | Reached skill level 1 in Dodging
  1022 | D:2      | Noticed a hand axe
  1029 | D:2      | Found a hide-covered altar of Uskayaw.
  1030 | D:2      | Noticed a dagger
  1209 | D:2      | Noticed Jessica
  1296 | D:2      | Reached XP level 4. HP: 40/40 MP: 3/3
  1388 | D:2      | Found a sparkling altar of Nemelex Xobeh.
  1575 | D:3      | Found a stormy altar of Qazlal.
  1642 | D:3      | Reached skill level 5 in Shields
  1667 | D:3      | Reached XP level 5. HP: 14/46 MP: 4/4
  2053 | D:3      | Found a glowing drain.
  2071 | Sewer    | Entered a sewer
  2989 | Sewer    | Reached XP level 6. HP: 52/52 MP: 5/5
  3964 | D:4      | Reached skill level 5 in Long Blades
  4008 | D:4      | Found a glowing silver altar of Zin.
  4115 | D:4      | Reached skill level 6 in Shields
  4452 | D:5      | Entered Level 5 of the Dungeon
  4486 | D:5      | Noticed an ice beast
  4498 | D:5      | Reached skill level 5 in Armour
  4498 | D:5      | Reached skill level 1 in Evocations
  4498 | D:5      | Reached XP level 7. HP: 60/60 MP: 6/6
  4586 | D:5      | Found a sand-covered staircase.
  4593 | Ossuary  | Entered an ossuary
  4642 | Ossuary  | Reached skill level 7 in Shields
  4921 | D:5      | Found a staircase to the Ecumenical Temple.
  4940 | D:5      | Reached XP level 8. HP: 64/67 MP: 7/7
  4961 | Temple   | Entered the Ecumenical Temple
  5033 | Temple   | Became a worshipper of Warmaster Okawaru
  5094 | D:5      | Reached skill level 5 in Fighting
  5103 | D:5      | Reached skill level 8 in Shields
  5812 | D:6      | Reached * piety under Okawaru
  5986 | D:6      | Reached skill level 9 in Shields
  6417 | D:6      | Reached ** piety under Okawaru
  6417 | D:6      | Reached XP level 9. HP: 46/75 MP: 9/9
  7613 | D:7      | Reached skill level 10 in Shields
  7797 | D:8      | Found a hazy altar of Hepliaklqana.
  7797 | D:8      | Found a snail-covered altar of Cheibriados.
  8032 | D:8      | Reached *** piety under Okawaru
  8062 | D:8      | Reached skill level 11 in Shields
  8375 | D:8      | Reached XP level 10. HP: 76/83 MP: 10/10
  8389 | D:8      | Noticed a two-headed ogre
  8419 | D:8      | Reached **** piety under Okawaru
  8745 | D:8      | Found a staircase to the Lair.
  8770 | D:8      | Killed a two-headed ogre
  8770 | D:8      | Reached skill level 10 in Long Blades
  8770 | D:8      | Reached skill level 12 in Shields
  9368 | D:9      | Found a sacrificial altar of Ru.
  9399 | D:9      | Noticed Joseph
  9410 | D:9      | Killed Joseph
  9522 | D:9      | Noticed Gastronok
  9529 | D:9      | Noticed Maurice
  9545 | D:9      | Killed Maurice
  9545 | D:9      | Reached ***** piety under Okawaru
  9545 | D:9      | Reached skill level 1 in Stealth
  9555 | D:9      | Killed Gastronok
  9555 | D:9      | Received a gift from Okawaru
  9555 | D:9      | Reached XP level 11. HP: 68/92 MP: 11/11
  9835 | D:9      | Noticed Psyche
  9847 | D:9      | Killed Psyche
  9880 | D:9      | Reached skill level 13 in Shields
  9987 | D:9      | Noticed a two-headed ogre
  9991 | D:9      | Killed a two-headed ogre
 10122 | D:10     | Entered Level 10 of the Dungeon
 10190 | D:10     | Noticed a two-headed ogre
 10198 | D:10     | Killed a two-headed ogre
 10638 | D:10     | Found a staircase to the Orcish Mines.
 10972 | D:11     | Found a frozen archway.
 10972 | D:11     | Noticed Nergalle
 10997 | D:11     | Noticed a spectral orc warlord
 11007 | D:11     | Killed Nergalle
 11007 | D:11     | Reached skill level 14 in Shields
 11038 | D:11     | Received a gift from Okawaru
 11332 | IceCv    | Entered an ice cave
 11510 | IceCv    | Reached XP level 12. HP: 80/103 MP: 9/12
 11750 | IceCv    | Noticed an ice dragon
 11760 | IceCv    | Killed an ice dragon
 11761 | IceCv    | Noticed an ice dragon
 11782 | IceCv    | Killed an ice dragon
 11782 | IceCv    | Reached skill level 1 in Invocations
 12071 | IceCv    | Got an ancient platinum amulet
 12073 | IceCv    | Identified the amulet "Quithrixe" {Spirit rElec rC++ Str-4 Stlth+} (You found it in an ice cave)
 12346 | D:11     | Received a gift from Okawaru
 12369 | D:11     | Found Bigorur's Gadget Emporium.
 12750 | D:12     | Reached skill level 15 in Shields
 12849 | D:12     | Noticed a five-headed hydra
 12865 | D:12     | Killed a one-headed hydra
 12871 | D:12     | Noticed a centaur warrior
 12872 | D:12     | Noticed a fire dragon
 12874 | D:12     | Noticed a centaur warrior
 13275 | D:12     | Killed a fire dragon
 13281 | D:12     | Killed a centaur warrior
 13281 | D:12     | Reached ****** piety under Okawaru
 13281 | D:12     | Reached skill level 10 in Fighting
 13583 | D:12     | Reached XP level 13. HP: 86/113 MP: 13/13
 13628 | D:12     | Reached skill level 15 in Long Blades
 13878 | D:12     | Reached skill level 10 in Armour
 13899 | D:12     | Received a gift from Okawaru
 13902 | D:12     | Reached skill level 16 in Shields
 14207 | D:12     | Got a brightly glowing ruby amulet
 14209 | D:12     | Identified the amulet of Xifue {rElec Regen+ Str+6} (You found it on level 12 of the Dungeon)
 14816 | Lair:1   | Entered Level 1 of the Lair of Beasts
 16005 | Lair:2   | Found a staircase to the Swamp.
 16072 | Lair:2   | Found a staircase to the Snake Pit.
 16152 | Lair:2   | Reached skill level 5 in Dodging
 16304 | Lair:2   | Received a gift from Okawaru
 16307 | Lair:2   | Got an encrusted animal skin {god gift}
 16318 | Lair:2   | Identified the +1 animal skin of Egalitarianism {+Blink} (Okawaru gifted it to you on level 2 of the Lair of Beasts)
 17344 | Lair:4   | Noticed Rupert
 17358 | Lair:4   | HP: 5/116 [Rupert/executioner's axe of chopping (2)]
 17526 | Lair:4   | Killed Rupert
 17526 | Lair:4   | Reached skill level 17 in Shields
 17526 | Lair:4   | Reached XP level 14. HP: 124/124 MP: 11/14
 17559 | Lair:4   | Noticed Urug
 17569 | Lair:4   | Killed Urug
 17797 | Lair:4   | Noticed Sonja
 17927 | Lair:4   | Killed Sonja
 18560 | Lair:5   | Found a staircase to the Slime Pits.
 18560 | Lair:5   | Found a viscous altar of Jiyva.
 18570 | Lair:5   | Received a gift from Okawaru
 18575 | Lair:5   | Got a translucent falchion {god gift}
 18576 | Lair:5   | Identified the +10 falchion of Okawaru's Esteem {slice, rN+} (Okawaru gifted it to you on level 5 of the Lair of Beasts)
 18877 | Lair:6   | Entered Level 6 of the Lair of Beasts
 18943 | Lair:6   | Found a dark tunnel.
 18963 | Volcano  | Entered a volcano
 19135 | Volcano  | Found a radiant altar of Vehumet.
 19440 | Lair:6   | Received a gift from Okawaru
 19485 | Lair:6   | Reached skill level 18 in Shields
 19685 | Lair:6   | Received a gift from Okawaru
 20996 | D:13     | Noticed Frances
 21012 | D:13     | Killed Frances
 21135 | D:13     | Found a shadowy altar of Dithmenos.
 21190 | D:13     | Lost intelligence.
 21201 | D:13     | Reached XP level 15. HP: 114/134 MP: 15/15
 22207 | D:13     | Found a gate to the Vaults.
 23222 | D:14     | Received a gift from Okawaru
 23271 | D:15     | Entered Level 15 of the Dungeon
 23356 | D:15     | Reached skill level 19 in Shields
 23920 | D:15     | Found an ancient bone altar of Kikubaaqudgha.
 24108 | D:15     | Found a staircase to the Depths.
 24117 | D:15     | Received a gift from Okawaru
 24120 | D:15     | Got a jewelled large shield {god gift}
 24131 | D:15     | Identified the +7 large shield "Toqascho" {rF+ Stlth+} (Okawaru gifted it to you on level 15 of the Dungeon)
 24420 | Orc:1    | Entered Level 1 of the Orcish Mines
 24557 | Orc:2    | Entered Level 2 of the Orcish Mines
 24562 | Orc:2    | Noticed Josephine
 24591 | Orc:2    | Killed Josephine
 24823 | Orc:2    | Found a staircase to the Elven Halls.
 25230 | Orc:2    | Found Weduru Wacu's Antique Weapon Shoppe.
 25230 | Orc:2    | Found Qapryu's Book Emporium.
 25230 | Orc:2    | Found Sityoh's Magic Scroll Emporium.
 25233 | Orc:2    | Found Viuv's Distillery.
 25236 | Orc:2    | Bought a warped scimitar for 351 gold pieces
 25236 | Orc:2    | Identified the +6 scimitar "Waoberol" {slice, rF+ Int+4 Dex-4} (You bought it in a shop on level 2 of the Orcish Mines)
 25250 | Orc:2    | Bought a scroll of magic mapping for 49 gold pieces
 25250 | Orc:2    | Bought a scroll of blinking for 105 gold pieces
 25250 | Orc:2    | Bought a scroll of holy word for 105 gold pieces
 25250 | Orc:2    | Bought a scroll of holy word for 105 gold pieces
 25250 | Orc:2    | Bought a scroll of magic mapping for 49 gold pieces
 25250 | Orc:2    | Bought a scroll of enchant weapon for 105 gold pieces
 25252 | Orc:2    | Bought a potion of might for 60 gold pieces
 25252 | Orc:2    | Bought a potion of heal wounds for 75 gold pieces
 25252 | Orc:2    | Bought a potion of might for 60 gold pieces
 25412 | Orc:2    | Found Merieh's Jewellery Shop.
 26041 | D:2      | Killed Jessica
 26086 | D:2      | You fall through a shaft!
 26319 | Orc:2    | Bought a potion of might for 60 gold pieces
 26319 | Orc:2    | Bought a potion of curing for 45 gold pieces
 26321 | Orc:2    | Bought a scroll of magic mapping for 49 gold pieces
 26539 | Swamp:1  | Entered Level 1 of the Swamp
 26727 | Swamp:1  | Noticed a thorn hunter
 26746 | Swamp:1  | Killed a thorn hunter
 27040 | Swamp:1  | Noticed a thorn hunter
 27051 | Swamp:1  | Killed a thorn hunter
 27051 | Swamp:1  | Reached XP level 16. HP: 98/146 MP: 16/16
 27225 | Swamp:1  | Reached skill level 20 in Shields
 27561 | Swamp:2  | Paralysed by a hornet for 3 turns
 27581 | Swamp:2  | Received a gift from Okawaru
 27585 | Swamp:2  | Got a slimy double sword {god gift}
 27586 | Swamp:2  | Identified the +2 double sword of Zaawn {flame, rElec} (Okawaru gifted it to you on level 2 of the Swamp)
 28425 | Swamp:3  | Noticed Jorgrun
 28446 | Swamp:3  | Killed Jorgrun
 28622 | Swamp:3  | Received a gift from Okawaru
 29085 | Swamp:4  | Entered Level 4 of the Swamp
 29381 | Swamp:4  | Reached skill level 15 in Fighting
 29532 | Swamp:4  | Reached skill level 21 in Shields
 29595 | Swamp:4  | HP: 7/149 [swamp worm (22)]
 29735 | Swamp:4  | Received a gift from Okawaru
 30050 | Swamp:4  | Got a decaying rune of Zot
 30260 | Swamp:4  | Reached XP level 17. HP: 156/156 MP: 17/17
 31470 | Snake:1  | Entered Level 1 of the Snake Pit
 31471 | Snake:1  | Found Sagh's Armour Shop.
 31728 | Snake:1  | Received a gift from Okawaru
 31953 | Snake:1  | Found Ajul's Food Boutique.
 32181 | Snake:1  | Found Poxug's Book Emporium.
 32612 | Snake:2  | Noticed Aizul
 32622 | Snake:2  | Killed Aizul
 32991 | Snake:2  | Found a bloodstained altar of Trog.
 33147 | Snake:2  | Reached skill level 22 in Shields
 33580 | Snake:2  | Found a transporter.
 33743 | Snake:2  | Found a transporter.
 34066 | Snake:2  | Got a scintillating amber ring
 34068 | Snake:2  | Identified the ring "Munt" {rPois SInv} (You found it on level 2 of the Snake Pit)
 34083 | Snake:2  | Got a smoking jade ring
 34088 | Snake:2  | Got a faintly glowing platinum amulet
 34113 | Snake:2  | Identified the ring of Juisinizo {rF+ rC- Str+5} (You found it on level 2 of the Snake Pit)
 34115 | Snake:2  | Identified the amulet "Cym Xano" {Spirit rElec rN+++ Dex-3} (You found it on level 2 of the Snake Pit)
 34395 | Snake:3  | Received a gift from Okawaru
 34398 | Snake:3  | Got a pair of brightly glowing gloves {god gift}
 34409 | Snake:3  | Identified the +0 pair of gloves of the Jabberwock {Regen+ Str-5 Slay+2} (Okawaru gifted it to you on level 3 of the Snake Pit)
 34981 | Snake:3  | Noticed Bai Suzhen
 35000 | Snake:3  | Killed Bai Suzhen
 35000 | Snake:3  | Reached XP level 18. HP: 26/168 MP: 18/18
 35760 | Snake:4  | Entered Level 4 of the Snake Pit
 35778 | Snake:4  | Got a ruby-encrusted chain mail
 35814 | Snake:4  | Identified the +5 chain mail "Ubaurubry" {rC+} (You found it on level 4 of the Snake Pit)
 36473 | Snake:4  | Received a gift from Okawaru
 36473 | Snake:4  | Reached skill level 23 in Shields
 37207 | Snake:4  | Received a gift from Okawaru
 37214 | Snake:4  | HP: 8/168 [anaconda (3)]
 37802 | Snake:4  | HP: 4/169 [naga ritualist/lance of force (18)]
 37802 | Snake:4  | Collided with a rock wall

Skill      XL: |  1  2  3  4  5  6  7  8  9 10 11 12 13 14 15 16 17 18 |
---------------+-------------------------------------------------------+-----
Shields        | 4 5 6 7 9 11 12 14 15 17 18 19 21 22 23 | 23.6
Armour         | 4 5 6 7 8 9 10 11 12 13 | 13.6
Dodging        | 1 2 3 4 5 6 8 9 |  9.3
Long Blades    | 3 4 5 6 8 9 11 13 14 16 17 18 19 | 19.3
Fighting       | 4 5 6 7 8 10 11 12 14 15 16 17 | 17.0
Evocations     | 1 2 |  2.2
Stealth        | 1 2 3 4 |  4.2
Invocations    | 1 |  1.9

Action                   |  1- 3 |  4- 6 |  7- 9 | 10-12 | 13-15 | 16-18 || total
-------------------------+-------+-------+-------+-------+-------+-------++-------
Melee: Long sword        |   114 |   288 |   531 |   127 |       |       ||  1060
       Headbutt          |    10 |    43 |   135 |   155 |   351 |   390 ||  1084
       Scimitar          |       |       |       |   288 |       |       ||   288
       Double sword      |       |       |       |   283 |  1194 |  1284 ||  2761
       Falchion          |       |       |       |       |   118 |       ||   118
Invok: Heroism           |       |       |       |     9 |     3 |     1 ||    13
       Finesse           |       |       |       |     1 |       |       ||     1
 Abil: Evoke Flight      |       |     3 |     5 |       |       |       ||     8
Evoke: Wand              |       |     4 |       |       |     5 |    10 ||    19
  Use: Scroll            |     5 |     3 |     6 |    10 |    15 |    11 ||    50
       Potion            |       |     1 |     4 |     4 |     2 |     5 ||    16
 Stab: Sleeping          |       |       |       |     1 |     1 |    14 ||    16
       Distracted        |       |       |       |       |     1 |     3 ||     4
  Eat: Chunk             |     1 |    12 |    14 |    20 |    35 |    22 ||   104
       Ration            |       |       |       |       |     3 |     4 ||     7
Armor: Scale mail        |    44 |       |       |       |       |       ||    44
       Chain mail        |       |   162 |   169 |       |       |       ||   331
       Plate armour      |       |       |   105 |   181 |   184 |    93 ||   563
       Ice dragon scales |       |       |       |    52 |    36 |       ||    88
       Fire dragon scale |       |       |       |       |    65 |       ||    65
       Swamp dragon scal |       |       |       |       |       |   119 ||   119
Dodge: Dodged            |    25 |    52 |    94 |   115 |   263 |   362 ||   911
Block: Shield            |    21 |       |       |       |       |       ||    21
       Large shield      |    70 |   366 |   613 |   748 |  1516 |  1916 ||  5229
       Reflection        |       |       |       |     8 |     4 |       ||    12
       Rpst.: Long sword |     4 |    12 |    22 |     2 |       |       ||    40
       Scimitar          |       |       |       |     8 |       |       ||     8
       Double sword      |       |       |       |    19 |    53 |    44 ||   116
       Falchion          |       |       |       |       |     8 |       ||     8
